 Dungeon Crawl Stone Soup version 0.16.1-5-gaa23807 (webtiles) character file.

193 inmateoo the Sneak (level 5, 0/26 HPs)
             Began as a Spriggan Assassin on Mar 28, 2015.
             Slain by an orc priest
             ... wielding a +0 flail
              (4 damage)
             ... on level 3 of the Dungeon.
             The game lasted 00:04:20 (3000 turns).

inmateoo the Sneak (Spriggan Assassin)              Turns: 3000, Time: 00:04:20

Health: 0/26       AC:  5    Str:  9    XL:     5   Next: 44%
Magic:  14/14      EV: 19    Int: 16    God:
Gold:   119        SH:  0    Dex: 18    Spells: 0 memorised, 9 levels left

rFire  . . .     SeeInvis +     a - +2 dagger
rCold  . . .     Clarity  .     c - +0 robe
rNeg   . . .     SustAb   .     (shield restricted)
rPois  .         Gourm    .     (helmet restricted)
rElec  .         Spirit   .     k - +2 cloak
rCorr  .         Warding  .     (gloves unavailable)
rMut   .         Stasis   .     (boots unavailable)
MR     .....                    (no amulet)
Stlth  ++++......               d - +3 ring of intelligence
                                j - +2 ring of strength

@: very quick, not resistant to hostile enchantments, stealthy
A: unfitting armour, see invisible, herbivore 3, speed 3, slow metabolism 2
a: no special abilities


You were on level 3 of the Dungeon.
You were not hungry.

You visited 1 branch of the dungeon, and saw 3 of its levels.

You collected 119 gold pieces.

Inventory:

Hand weapons
 a - a +2 dagger (weapon)
 b - a +0 blowgun
Missiles
 e - 6 poisoned needles
Armour
 c - a +0 robe (worn)
 k - a +2 cloak (worn)
Jewellery
 d - a +3 ring of intelligence (right hand)
 h - an uncursed ring of teleportation
 j - a +2 ring of strength (left hand)
Magical devices
 o - a wand of slowing (7)
 p - a wand of fireball (6)
Potions
 i - a potion of ambrosia
 l - a potion of lignification
 m - 2 potions of poison
 n - 3 potions of heal wounds {unknown}
 q - a potion of might
 s - a potion of cancellation {unknown}
 t - a potion of curing {unknown}
Comestibles
 g - 5 bread rations


   Skills:
 + Level 2.2 Fighting
 * Level 3.6 Short Blades
 - Level 2.1 Throwing
 + Level 4.0 Dodging
 + Level 6.6 Stealth
 + Level 2.7 Spellcasting


You had 9 spell levels left.
You didn't know any spells.

Dungeon Overview and Level Annotations

Branches:
Dungeon (3/15)

Altars:
Fedhas
The Shining One


Innate Abilities, Weirdness & Mutations

You are tiny and cannot use many weapons and most armour.
You have supernaturally acute eyesight.
You are a herbivore.
You cover ground extremely quickly.
You need consume almost no food.


Message History

You kill the orc!
You closely miss the orc priest. The orc priest closely misses you.
You hit the orc priest.
The orc priest is lightly wounded.
The orc priest misses you.
You hit the orc priest.
The orc priest is moderately wounded.
You hit the orc priest but do no damage.
The orc priest is moderately wounded.
The orc priest closely misses you.
You hit the orc priest.
The orc priest is heavily wounded.
The orc priest hits you with a flail!
* * * LOW HITPOINT WARNING * * *
You closely miss the orc priest.
The orc priest is heavily wounded.
You hit the orc priest.
The orc priest is heavily wounded.
The orc priest hits you with a flail.
You die...

#....# #...# #########
#....###...# #.......#
#.....##...# #.#####.#
##'##.##..o# #.#####†#
#..#.....:# #.#.....#
##.####...# #.#.#####
###.## #.### #.#.# .
#....# #(#######.#.# #.
#....###.o@......#.# #.
#......###########.#
###.###....#.######<.....#
........................>#
###.#.###....#..)######.##
#.#.# #.####...######.#
#...# #.#.............#
##..# #.#.##...########
####..# #.#.##...#


You could see an orc priest.

Vanquished Creatures
  A hound (D:3)
  Ijyb (D:2)
  Terence (D:2)
  Robin (D:2)
  3 adders (D:2)
  5 worms
  A giant gecko (D:1)
  3 orcs (D:3)
  6 bats
  5 giant cockroaches
  16 goblins
  7 hobgoblins
  3 giant newts
  6 kobolds
  4 rats
63 creatures vanquished.

Notes
Turn   | Place    | Note
--------------------------------------------------------------
     0 | D:1      | inmateoo, the Spriggan Assassin, began the quest for the Orb.
     0 | D:1      | Reached XP level 1. HP: 10/10 MP: 2/2
    17 | D:1      | Reached skill level 6 in Stealth
   407 | D:1      | Reached XP level 2. HP: 9/15 MP: 4/4
   898 | D:1      | Reached skill level 1 in Spellcasting
  1047 | D:2      | Found a glowing golden altar of the Shining One.
  1118 | D:2      | Reached XP level 3. HP: 15/18 MP: 7/7
  1270 | D:2      | Noticed Ijyb
  1478 | D:2      | Killed Ijyb
  1478 | D:2      | Reached XP level 4. HP: 21/23 MP: 8/10
  1628 | D:2      | Found a blossoming altar of Fedhas.
  1805 | D:2      | Noticed Terence
  1810 | D:2      | Killed Terence
  1892 | D:2      | Noticed Robin
  1930 | D:2      | Killed Robin
  2269 | D:2      | Reached XP level 5. HP: 15/26 MP: 14/14
  3000 | D:3      | Slain by an orc priest

Action                   |  1- 3 |  4- 6 || total
-------------------------+-------+-------++-------
Melee: Dagger            |    94 |   123 ||   217
 Fire: Blowgun           |     4 |     8 ||    12
  Use: Scroll            |     4 |     4 ||     8
 Stab: Sleeping          |     9 |     8 ||    17
       Distracted        |       |     1 ||     1
